 Dungeon Crawl Stone Soup version 0.15.2 (webtiles) character file.

182 RottenBandages the Insei (level 5, -2/41 HPs)
             Began as a Mummy Monk on Oct 28, 2015.
             Slain by Terence
             ... wielding a +0 mace
              (3 damage)
             ... on Level 3 of the Dungeon.
             The game lasted 00:06:09 (3392 turns).

RottenBandages the Insei (Mummy Monk)               Turns: 3392, Time: 00:06:09

HP  -2/41        AC  3     Str 14      XL: 5   Next: 35%
MP   5/5         EV 12     Int  9      God:
Gold 63          SH  0     Dex 15      Spells:  0 memorised,  4 levels left

rFire  x . .     SeeInvis .       - Unarmed
rCold  + . .     Clarity  .     f - +0 leather armour
rNeg   + + +     rCorr    .     (no shield)
rPois  +         rRot     +     (no helmet)
rElec  .         Spirit   .     (no cloak)
SustAb .         Warding  .     (no gloves)
rMut   .         Stasis   .     (no boots)
Gourm  .                        a - amulet of faith {!P}
MR     .....                    h - ring of stealth
                                d - ring of stealth

@: not resistant to hostile enchantments, stealthy
A: no food or potions, fire vulnerability, restore body, cold resistance 1,
negative energy resistance 3, poison resistance, torment resistance, unbreathing
a: no special abilities


You were on level 3 of the Dungeon.
You were not hungry.

You visited 1 branch of the dungeon, and saw 3 of its levels.

You collected 63 gold pieces.


Innate Abilities, Weirdness & Mutations

You do not eat or drink.
Your flesh is vulnerable to fire.
Your flesh is cold resistant.
You are immune to negative energy.
Your system is resistant to poisons.
You are immune to unholy pain and torment.
You can survive without breathing.


   Skills:
 - Level 3.0 Fighting
 - Level 2.4 Dodging
 - Level 1.5 Stealth
 + Level 5.5 Unarmed Combat


You had 4 spell levels left.
You didn't know any spells.

Inventory:

Armour
 f - a +0 leather armour (worn)
Comestibles
 i - 2 fruits (quivered)
Scrolls
 c - 2 scrolls of identify {unknown}
 e - a scroll of fear {unknown}
 g - a scroll of remove curse {unknown}
 j - a scroll of teleportation {unknown}
 k - a scroll of blinking {unknown}
Jewellery
 a - an amulet of faith (around neck) {!P}
 b - an uncursed ring of ice
 d - a ring of stealth (left hand)
 h - a ring of stealth (right hand)

Dungeon Overview and Level Annotations

Branches:
Dungeon (3/15)

Altars:
Cheibriados

Annotations:
D:3 Terence

#.###.# ##### ..#...###
### #...#### #.......
##.#######.#....# ......#
##.....%......##.# .....
##.....##########.# ...
#.......# #<# ##.##
##.....## #.) #...#
###...## ##.
#...#########.M..## .
#...##.......@#### .
###(..##.#####..### .
).........####....####....
.
)..............{#.........
.
.........>####.%..####....
. ###...##........###
#...# #####.... ###...###
#.#.#


You could see Terence.


Message History

You barely miss Terence. Terence hits you with a mace.
You hit Terence.
Terence is lightly wounded.
Terence hits you with a mace.
You hit Terence.
Terence is lightly wounded.
The orc wizard points at you and mumbles some strange words.
You resist.
You hit Terence but do no damage.
Terence is lightly wounded.
Terence hits you with a mace.
You barely miss Terence.
Terence is lightly wounded.
Terence hits you with a mace.
You hit Terence but do no damage.
Terence is lightly wounded.
Terence hits you with a mace.
You closely miss Terence.
Terence is lightly wounded.
The orc wizard gestures at you while chanting.
The puff of flame hits you! The fire burns you terribly!
* * * LOW HITPOINT WARNING * * *
The orc wizard points at you and mumbles some strange words.
The puff of flame hits you! The fire burns you terribly!
* * * LOW HITPOINT WARNING * * *
You see here a worm corpse.
The orc wizard gestures wildly while chanting.
The orc wizard flickers and vanishes!
Terence hits you with a mace.
You die...

Action                   |  1- 3 |  4- 6 || total
-------------------------+-------+-------++-------
Melee: Unarmed           |   153 |   152 ||   305
 Stab: Sleeping          |     4 |     8 ||    12

Vault maps used:
D:1:      saegor_arrival_fortress
D:2:      cheibriados_altar_wand_db, kennysheep_generic_room_5
D:3:      uniq_terence

Notes
Turn   | Place    | Note
--------------------------------------------------------------
     0 | D:1      | RottenBandages, the Mummy Monk, began the quest for the Orb.
     0 | D:1      | Reached XP level 1. HP: 18/18 MP: 1/1
   358 | D:1      | Reached XP level 2. HP: 16/24 MP: 2/2
   821 | D:1      | Reached skill level 4 in Unarmed Combat
   996 | D:1      | Reached XP level 3. HP: 25/29 MP: 3/3
  1203 | D:1      | HP: 1/29 [ogre skeleton (10)]
  1999 | D:2      | Reached XP level 4. HP: 28/35 MP: 4/4
  2334 | D:2      | Found a snail-covered altar of Cheibriados.
  2348 | D:2      | Reached skill level 5 in Unarmed Combat
  2660 | D:3      | Reached XP level 5. HP: 29/41 MP: 5/5
  3244 | D:3      | Noticed Terence
  3390 | D:3      | HP: 1/41 [orc wizard/puff of flame (9)]
  3392 | D:3      | Slain by Terence

Vanquished Creatures
  An ogre skeleton (D:1)
  7 adders
  A gnoll (D:2)
  2 worms
  An adder zombie (D:1)
  4 giant geckos
  5 orcs
  A ball python (D:2)
  9 bats
  9 goblins
  6 hobgoblins
  A quokka (D:2)
  A giant cockroach (D:1)
  4 giant newts
  A giant newt zombie (D:1)
  9 jackals
  7 kobolds
  2 rats
71 creatures vanquished.
